 Dungeon Crawl Stone Soup version 0.30.0-18-gc0e69614cb (webtiles) character file.

Game seed: 16444350980246964312

60 croobank the Insei (level 4, -5/34 HPs)
             Began as a Gnoll Transmuter on May 23, 2023.
             Killed by nerve-wracking pain
             ... invoked by Jessica
              (7 damage)
             ... on level 2 of the Dungeon.
             The game lasted 00:04:13 (1465 turns).

croobank the Insei (Gnoll Transmuter)               Turns: 1465, Time: 00:04:13

Health: -5/34      AC:  3    Str:  9    XL:     4   Next: 6%
Magic:  0/11       EV: 13    Int: 14    God:
Gold:   126        SH:  0    Dex: 13    Spells: 10/13 levels left

rFire   . . .        f - +0 short sword
rCold   . . .        (no shield)
rNeg    . . .        a - +0 robe
rPois   .            (no helmet)
rElec   .            n - +0 cloak
rCorr   +            (no gloves)
SInv    +            (no boots)
Will    .....        m - amulet of guardian spirit
Stlth   ++           h - ring of resist corrosion
HPRegen 0.25/turn    t - ring of see invisible
MPRegen 0.12/turn

%: guardian spirit
@: flying
A: fangs 1, strong nose, distributed training
a: no special abilities


You were on level 2 of the Dungeon.
You visited 1 branch of the dungeon, and saw 2 of its levels.

You collected 126 gold pieces.

Inventory:

Hand Weapons
 e - a +0 mace
 f - a +0 short sword (weapon)
 l - a +0 dagger
Missiles
 r - 6 javelins
Armour
 a - a +0 robe (worn)
 n - a +0 cloak (worn)
Jewellery
 h - a ring of resist corrosion (left hand)
 m - an amulet of guardian spirit (around neck)
 s - an amulet of faith
 t - a ring of see invisible (right hand)
Scrolls
 c - a scroll of vulnerability {unknown}
 d - a scroll of immolation {unknown}
 g - a scroll of poison {unknown}
 j - 2 scrolls of teleportation {unknown}
 o - a scroll of noise {unknown}
Potions
 b - 2 potions of lignification
 i - a potion of flight
 k - a potion of brilliance {unknown}
 p - a potion of haste {unknown}
 q - 4 potions of curing {unknown}


   Skills:
 + Level 2.7 Fighting
 + Level 1.0 Short Blades
 + Level 1.0 Long Blades
 + Level 1.0 Axes
 + Level 1.0 Maces & Flails
 + Level 1.0 Polearms
 + Level 1.0 Staves
 + Level 1.0 Ranged Weapons
 + Level 1.0 Throwing
 + Level 1.0 Armour
 + Level 4.6 Dodging
 + Level 1.0 Stealth
 + Level 1.0 Shields
 + Level 6.6 Unarmed Combat
 + Level 5.0 Spellcasting
 + Level 0.8 Conjurations
 + Level 0.8 Hexes
 + Level 0.8 Summonings
 + Level 0.8 Necromancy
 + Level 0.8 Translocations
 + Level 3.8 Transmutations
 + Level 0.8 Fire Magic
 + Level 0.8 Ice Magic
 + Level 0.8 Air Magic
 + Level 0.8 Earth Magic
 + Level 0.8 Poison Magic
 + Level 1.1 Invocations
 + Level 1.0 Evocations


You had 10 spell levels left.
You knew the following spells:

 Your Spells              Type           Power      Damage    Failure   Level
a - Beastly Appendage     Tmut           28%        N/A       3%          1
b - Wereblood             Tmut           14%        N/A       5%          2

Your spell library contained the following spells:

 Spells                   Type           Power      Damage    Failure   Level
 Spider Form              Tmut/Pois      10%        N/A       21%         3
 Ice Form                 Ice/Tmut       10%        N/A       54%         4


Dungeon Overview and Level Annotations

Branches:
Dungeon (2/15)

Altars:

Annotations:
D:2 Jessica


Innate Abilities, Weirdness & Mutations

You have very sharp teeth.
Your uncanny sense of smell can sniff out nearby items.
Your experience applies equally to all skills.


Message History

Jessica hits you with a +0 club.
You hit Jessica. Your punch misses Jessica.
Jessica is moderately wounded.
Jessica hits you with a +0 club.
You barely miss Jessica.
Jessica is moderately wounded.
You hit Jessica.
Jessica is heavily wounded.
Jessica gestures wildly.
Jessica hits you with a +0 club.
You closely miss Jessica.
Jessica is heavily wounded.
Jessica gestures at you while chanting. Pain shoots through your body!
You barely miss Jessica.
Jessica is heavily wounded.
Jessica misses you. The rat bites you but does no damage.
You barely miss Jessica.
Jessica is heavily wounded.
Jessica casts a spell at you.
You barely resist. The rat misses you.
You hit Jessica. You bite Jessica, but do no damage.
Jessica is severely wounded.
Jessica misses you. The rat barely misses you.
You barely miss Jessica. Your bite misses Jessica.
Jessica is severely wounded.
Jessica mumbles some strange words.
Jessica blinks!
The rat misses you.
You are too injured to fight recklessly!
You hit the rat.
The rat is severely wounded.
The rat misses you.
Jessica zaps a wand.
The bolt of dispelling energy hits you!
* * * LOW HITPOINT WARNING * * *
It was a potion of flight.
You feel very buoyant.
You fly up into the air.
The rat bites you but does no damage. Jessica casts a spell at you.
Pain shoots through your body!
You die...

#.. #.# ∆ #... #.
##'### .. ####
#....## . #
#.....# . #
#...#.## .#
#######
##...#..##.#
.......
............#
.......
#......@....###..
...)...
#........@...?...
......#
######..r§..###..
...##.# #......#
##.##.. #......#
#..... #......#
###..# ........
#>.. .........#
##.. ..........#
###


You could see Jessica and a rat.

Vanquished Creatures
  Natasha (D:2)
  A worm (D:2)
  A dart slug (D:1)
  3 endoplasms (D:1)
  A giant cockroach (D:1)
  3 goblins
  4 hobgoblins (D:1)
  2 quokkas
  2 ball pythons (D:1)
  3 bats (D:1)
  3 frilled lizards
  4 kobolds (D:1)
  3 rats (D:1)
31 creatures vanquished.

Notes
Turn   | Place    | Note
-------+----------+-------------------------------------------
     0 | D:1      | croobank the Gnoll Transmuter began the quest for the Orb.
     0 | D:1      | Reached XP level 1. HP: 17/17 MP: 6/6
    45 | D:1      | Reached XP level 2. HP: 11/23 MP: 7/7
    54 | D:1      | Learned a level 2 spell: Wereblood
   526 | D:1      | Reached skill level 5 in Spellcasting
   526 | D:1      | Reached XP level 3. HP: 28/28 MP: 6/9
  1144 | D:2      | Noticed Natasha
  1157 | D:2      | Killed Natasha
  1158 | D:2      | Reached skill level 1 in Short Blades
  1158 | D:2      | Reached skill level 1 in Long Blades
  1158 | D:2      | Reached skill level 1 in Axes
  1158 | D:2      | Reached skill level 1 in Maces & Flails
  1158 | D:2      | Reached skill level 1 in Polearms
  1158 | D:2      | Reached skill level 1 in Staves
  1158 | D:2      | Reached skill level 1 in Ranged Weapons
  1158 | D:2      | Reached skill level 1 in Throwing
  1158 | D:2      | Reached skill level 1 in Armour
  1158 | D:2      | Reached skill level 1 in Stealth
  1158 | D:2      | Reached skill level 1 in Shields
  1158 | D:2      | Reached skill level 1 in Invocations
  1158 | D:2      | Reached skill level 1 in Evocations
  1266 | D:2      | Reached XP level 4. HP: 34/34 MP: 8/11
  1446 | D:2      | Noticed Jessica
  1464 | D:2      | HP: 1/34 [Jessica/bolt of dispelling energy (15)]
  1465 | D:2      | Killed from afar by Jessica

Illustrated notes

Levels and vault maps discovered:
D:1:      lightli_arrival_noodles, layout_basic, minmay_octomino_e4
D:2:      layout_basic, hellmonk_ecumenical_altar_zigzags, uniq_sigmund,
          uniq_jessica, uniq_natasha

Skill      XL: |  1  2  3 |
---------------+----------+-----
Spellcasting   | 5 |  5.0
Short Blades   | 1 |  1.0
Long Blades    | 1 |  1.0
Axes           | 1 |  1.0
Maces & Flails | 1 |  1.0
Polearms       | 1 |  1.0
Staves         | 1 |  1.0
Ranged Weapons | 1 |  1.0
Throwing       | 1 |  1.0
Armour         | 1 |  1.0
Stealth        | 1 |  1.0
Shields        | 1 |  1.0
Invocations    | 1 |  1.1
Evocations     | 1 |  1.0
Fighting       | |  2.7
Dodging        | |  4.6
Unarmed Combat | |  6.6
Conjurations   | |  0.8
Hexes          | |  0.8
Summonings     | |  0.8
Necromancy     | |  0.8
Translocations | |  0.8
Transmutations | |  3.8
Fire Magic     | |  0.8
Ice Magic      | |  0.8
Air Magic      | |  0.8
Earth Magic    | |  0.8
Poison Magic   | |  0.8

Action                     |  1- 3 |  4- 6 || total
---------------------------+-------+-------++-------
  Melee: Mace              |    13 |       ||    13
         Kick              |    19 |     1 ||    20
         Headbutt          |    11 |       ||    11
         Bite              |     6 |     2 ||     8
         Short sword       |    66 |    15 ||    81
         Punch             |     2 |       ||     2
   Cast: Beastly Appendage |    13 |     3 ||    16
         Wereblood         |    11 |     3 ||    14
    Use: Potion            |       |     1 ||     1
 Armour: Robe              |    17 |     5 ||    22
  Dodge: Dodged            |    47 |    13 ||    60
